 Dungeon Crawl Stone Soup version 0.31-a0-788-ga445dbd2db (webtiles) character file.

Game seed: 12478269492309256201

84 Ijustatesigmund the Magician (level 4, -4/25 HPs)
             Began as a Deep Elf Fire Elementalist on Sept 18, 2023.
             Splashed by a jelly's acid (7 damage)
             ... on level 2 of the Dungeon.
             The game lasted 00:03:22 (2268 turns).

Ijustatesigmund the Magician (DEFE)                 Turns: 2268, Time: 00:03:24

Health: -4/25      AC: -9    Str:  2 (5)  XL:     4   Next: 24%
Magic:  1/12       EV: 12    Int: 20 (22) God:
Gold:   75         SH:  0    Dex: 13 (15) Spells: 8/11 levels left

rFire   . . .        k - +1 whip (vamp)
rCold   . . .        (no shield)
rNeg    . . .        a - +1 robe
rPois   .            (no helmet)
rElec   .            (no cloak)
rCorr   .            (no gloves)
SInv    .            (no boots)
Will    +....        (no amulet)
Stlth   ++           (no ring)
HPRegen 0.24/turn    (no ring)
MPRegen 0.13/turn

%: no passive effects
@: corroded, enlightened, flying
A: no striking features
a: no special abilities


You were on level 2 of the Dungeon.
You visited 1 branch of the dungeon, and saw 2 of its levels.

You collected 75 gold pieces.

Inventory:

Hand Weapons
 c - a +0 short sword
 k - a +1 vampiric whip (weapon)
Armour
 a - a +1 robe (worn)
Scrolls
 e - a scroll of brand weapon {unknown}
 f - a scroll of fog {unknown}
 g - 3 scrolls of identify {unknown}
 h - a scroll of enchant armour
 l - a scroll of fear {unknown}
 m - a scroll of revelation {unknown}
Potions
 b - a potion of magic
 d - a potion of degeneration
 i - a potion of heal wounds {unknown}
 j - a potion of enlightenment
 n - a potion of lignification {unknown}


   Skills:
 + Level 1.3 Fighting
 - Level 2.4 Dodging
 - Level 2.4 Stealth
 + Level 4.0 Spellcasting
 + Level 2.4 Conjurations
 + Level 3.9 Fire Magic


You had 8 spell levels left.
You knew the following spells:

 Your Spells              Type           Power      Damage    Failure   Level
a - Foxfire               Conj/Fire      64%        2x1d7     3%          1
b - Scorch                Fire           38%        2d6       3%          2

Your spell library contained the following spells:

 Spells                   Type           Power      Damage    Failure   Level
 Inner Flame              Hex/Fire       12%        N/A       17%         3
 Volatile Blastmotes      Fire/Tloc      24%        2d12      17%         3
 Poisonous Vapours        Pois/Air       8%         N/A       19%         2
 Mephitic Cloud           Conj/Pois/Air  7%         N/A       26%         3
 Flame Wave               Conj/Fire      16%        2d7       34%         4
 Freezing Cloud           Conj/Ice/Air   3%         6-21      94%         5


Dungeon Overview and Level Annotations

Branches:
Dungeon (2/15)

Altars:


Message History

Confirm with . or Enter, or press ? or * to list all spells.
Flames lash the endoplasm.
The endoplasm is moderately wounded.
The endoplasm's fire resistance burns away.
The endoplasm freezes you.
You are frozen.
A jelly comes into view.
Something completely misses the toadstool.
The jelly jiggles.
You see here a +0 short sword.
As you read the scroll labelled VOSATA XATAE, it crumbles to dust.
It is a scroll of enchant armour.
Your +0 robe glows green for a moment.
Casting: Scorch (safe; 3% risk of failure)
Confirm with . or Enter, or press ? or * to list all spells.
Flames lash the jelly.
The jelly is moderately wounded.
The jelly's fire resistance burns away.
The jelly hits you. The acid corrodes you!
You are splashed with acid.
The jelly hits you. The acid corrodes you!
You are splashed with acid.
* * * LOW HITPOINT WARNING * * *
Casting: Scorch (safe; 3% risk of failure)
Confirm with . or Enter, or press ? or * to list all spells.
You don't have enough magic to cast this spell.
Casting: Scorch (safe; 3% risk of failure)
Confirm with . or Enter, or press ? or * to list all spells.
You don't have enough magic to cast this spell.
Unknown command.
Okay, then.
It was a potion of enlightenment.
You feel very buoyant.
You fly up into the air.
The jelly barely misses you.
The endoplasm jiggles.
It was a potion of degeneration.
There was something very wrong with that liquid.
You feel weakened.
You feel dopey.
You feel clumsy. The jelly hits you.
* * * LOW HITPOINT WARNING * * *
The acid corrodes you!
You are splashed with acid!
You die...

## #..# ######... .#
#..# ..# #........ .#
#..# P.# #.####... .#
#..## P.# #.# #.## ##
#...# ..# #.# #... ##.##
รท.# #.# #.## #.## P.#
#.# #.## #..# #######'#
#.# #.# #..###..@JJJ#
#.# #.#
#########.###.########
#.####.##
...........###..'....#
#.)...... #########..#
####....# ######.## #..#
#.......#########.#
#..###.......##........#
#...##.......#########.#
#..###..)....# #.#
#..####..)..## #.#


You could see 2 jellies and an endoplasm.

Vanquished Creatures
  An adder (D:2)
  A dart slug (D:2)
  11 bats
  8 endoplasms
  9 goblins
  6 hobgoblins
  2 jackals (D:2)
  3 quokkas (D:2)
  4 ball pythons
  4 frilled lizards
  10 kobolds
  5 rats (D:2)
64 creatures vanquished.

Vanquished Creatures (others)
  151 foxfires
151 creatures vanquished.

Grand Total: 215 creatures vanquished

Notes
Turn   | Place    | Note
-------+----------+-------------------------------------------
     0 | D:1      | Ijustatesigmund the Deep Elf Fire Elementalist began the
                  | quest for the Orb.
     0 | D:1      | Reached XP level 1. HP: 10/10 MP: 6/6
   207 | D:1      | Reached XP level 2. HP: 13/16 MP: 5/8
   211 | D:1      | Learned a level 2 spell: Scorch
   785 | D:1      | Reached XP level 3. HP: 20/20 MP: 7/10
   930 | D:1      | Reached skill level 1 in Fighting
  1896 | D:2      | Reached XP level 4. HP: 25/25 MP: 9/11
  1960 | D:2      | Reached skill level 4 in Spellcasting
  2268 | D:2      | Splashed by a jelly's acid

Illustrated notes

Levels and vault maps discovered:
D:1:      ncdulo_lavacross, layout_basic, hangedman_decor_lopped
D:2:      cheibrodos_fertilizer, layout_loops_ring, feat_on_display

Skill      XL: |  1  2  3  4 |
---------------+-------------+-----
Fighting       | 1 |  1.3
Conjurations   | 2 |  2.4
Spellcasting   | 4 |  4.0
Dodging        | |  2.4
Stealth        | |  2.4
Fire Magic     | |  3.9

Action                     |  1- 3 |  4- 6 || total
---------------------------+-------+-------++-------
  Melee: Short sword       |     3 |       ||     3
   Cast: Foxfire           |    77 |    21 ||    98
         Scorch            |    10 |     6 ||    16
    Use: Potion            |       |     2 ||     2
         Scroll            |       |     1 ||     1
 Armour: Robe              |    11 |     5 ||    16
  Dodge: Dodged            |     9 |     1 ||    10

Table legend: (Time is in decaauts)
 A = Elapsed time spent in this place.
 B = Non-inter-level travel time spent in this place.
 C = Inter-level travel time spent in this place.
 D = Time resting spent in this place.
 E = Time spent auto-exploring this place.
 F = Levels seen in this place.
 G = Mean time per level.
                   A        B        C        D        E       F      G
               +--------+--------+--------+--------+--------+-----+--------+
         Total |   2266 |   2252 |     14 |    218 |   1688 |   2 | 1133.0 |
       Dungeon |   2266 |   2252 |     14 |    218 |   1688 |   2 | 1133.0 |
               +--------+--------+--------+--------+--------+-----+--------+

Top non-repeatable levels by time:
     D:2: 1265 daAuts
     D:1: 1001 daAuts
